 Dungeon Crawl Stone Soup version 0.25.1-2-g60ff931df9 (webtiles) character file.

Game seed: 10026711453293386263

14 EginhardtG the Charmwright (level 2, 0/26 HPs)
             Began as a Gnoll Skald on Oct 22, 2020.
             Slain by a leopard gecko (4 damage)
             ... on level 1 of the Dungeon.
             The game lasted 00:03:06 (111 turns).

EginhardtG the Charmwright (Gnoll Skald)             Turns: 111, Time: 00:03:07

Health: 0/26       AC:  3    Str: 13    XL:     2   Next: 45%
Magic:  7/7        EV: 14    Int: 15    God:
Gold:   25         SH:  0    Dex: 14    Spells: 9/10 levels left

rFire    . . .     SeeInvis .   a - +0 falchion
rCold    . . .     Gourm    .   (no shield)
rNeg     . . .     Faith    .   b - +0 leather armour
rPois    .         Spirit   .   (no helmet)
rElec    .         Reflect  .   (no cloak)
rCorr    .         Harm     .   (no gloves)
MR       .....                  (no boots)
Stlth    +.........             (no amulet)
HPRegen  0.08/turn              (no ring)
MPRegen  0.10/turn              (no ring)

@: no status effects
A: distributed training, fangs 1, strong nose
a: no special abilities


You were on level 1 of the Dungeon.
You were not hungry.

You visited 1 branch of the dungeon, and saw 1 of its levels.

You collected 25 gold pieces.

Inventory:

Hand Weapons
 a - a +0 falchion (weapon)
Armour
 b - a +0 leather armour (worn)
Potions
 c - a potion of lignification {unknown}
 e - 2 potions of haste {unknown}
Comestibles
 d - a ration
 f - 2 chunks of flesh


   Skills:
 + Level 4.5 Fighting
 + Level 0.4 Short Blades
 + Level 4.5 Long Blades
 + Level 0.4 Axes
 + Level 0.4 Maces & Flails
 + Level 0.4 Polearms
 + Level 0.4 Staves
 + Level 0.4 Slings
 + Level 0.4 Bows
 + Level 0.4 Crossbows
 + Level 0.4 Throwing
 + Level 2.5 Armour
 + Level 4.5 Dodging
 + Level 0.4 Stealth
 + Level 0.4 Shields
 + Level 0.4 Unarmed Combat
 + Level 4.9 Spellcasting
 + Level 0.2 Conjurations
 + Level 0.2 Hexes
 + Level 5.3 Charms
 + Level 0.2 Summonings
 + Level 0.2 Necromancy
 + Level 0.2 Translocations
 + Level 0.2 Transmutations
 + Level 0.2 Fire Magic
 + Level 0.2 Ice Magic
 + Level 0.2 Air Magic
 + Level 0.2 Earth Magic
 + Level 0.2 Poison Magic
 + Level 0.5 Invocations
 + Level 0.4 Evocations


You had 9 spell levels left.
You knew the following spells:

 Your Spells              Type           Power        Failure   Level  Hunger
a - Infusion              Chrm           ###.         2%          1    None

Your spell library contained the following spells:

 Spells                   Type           Power        Failure   Level  Hunger
 Song of Slaying          Chrm           ###.....     3%          2    ##.....
 Shroud of Golubria       Chrm/Tloc      ##....       10%         2    ##.....
 Ozocubu's Armour         Chrm/Ice       ##......     21%         3    ###....
 Spectral Weapon          Hex/Chrm       ##......     21%         3    ###....


Dungeon Overview and Level Annotations

Branches:
Dungeon (1/15)

Altars:


Innate Abilities, Weirdness & Mutations

Your experience applies equally to all skills.
You have very sharp teeth.
Your uncanny sense of smell can sniff out nearby items.


Message History

You see here a +0 dagger.
e - 2 sedimented pink potions (gained 1)
Found 15 arrows.
Found a purple potion.
A leopard gecko comes into view.
The leopard gecko hisses angrily.
You see here a purple potion.
You see here a purple potion.
You barely miss the leopard gecko. The leopard gecko bites you.
* * * LOW HITPOINT WARNING * * *
You barely miss the leopard gecko. Your bite misses the leopard gecko.
The leopard gecko bites you.
* * * LOW HITPOINT WARNING * * *
You barely miss the leopard gecko. The leopard gecko closely misses you.
The leopard gecko barely misses you.
You closely miss the leopard gecko. Your bite misses the leopard gecko.
The leopard gecko bites you.
* * * LOW HITPOINT WARNING * * *
You miss the leopard gecko. The leopard gecko bites you.
You die...

.###########
...........##
........@...##
.........l...#
.............# .
.............##.
................
.............##.
.............##
...........#...
#
........).##.##
.#


You could see a leopard gecko.

Vanquished Creatures
  A dart slug (D:1)
  A leopard gecko (D:1)
  A bat (D:1)
  3 giant cockroaches (D:1)
  2 hobgoblins (D:1)
  A kobold (D:1)
  A rat (D:1)
10 creatures vanquished.

Notes
Turn   | Place    | Note
-------+----------+-------------------------------------------
     0 | D:1      | EginhardtG the Gnoll Skald began the quest for the Orb.
     0 | D:1      | Reached XP level 1. HP: 20/20 MP: 6/6
    32 | D:1      | Reached XP level 2. HP: 16/26 MP: 7/7
   111 | D:1      | Slain by a leopard gecko

Illustrated notes

Levels and vault maps discovered:
D:1:      tarquinn_simple_flora_water_a, layout_rooms

Action                   || total
-------------------------++-------
Melee: Falchion          ||    24
       Bite              ||     1
Armor: Leather armour    ||     2
Dodge: Dodged            ||    19
       Rpst.: Falchion   ||     8
